[Event "Titled Tuesday Blitz April 19 Late 2022"]
[White "Tsukerman, Julia"]
[Black "Musovic, Armin"]
[WhiteFideId "2621649"]
[BlackFideId "939935"]
[WhiteElo "2228"]
[BlackElo "2255"]
[Result "0-1"]
[Round "08"]
[TimeControl "180+1"]
[Date "2022.04.19"]
[WhiteClock "0:02:17"]
[BlackClock "0:02:42"]

1. e4 c6 2. d4 d5 3. exd5 cxd5 4. Bd3 Nc6 5. c3 Nf6 6. h3 g6 7. Nf3 Bg7 8. O-O O-O 9. Re1 Re8 10. Ne5 Nd7 11. Bf4 Ndxe5 12. dxe5 e6 13. Qe2 Bd7 14. Nd2 Rc8 15. Nf3 a6 16. Nd4 Nxd4 17. cxd4 Qa5 18. Rec1 Rxc1+ 19. Rxc1 Qxa2 20. Rc7 Bc6 21. b4 Qxe2 22. Bxe2 Bf8 23. Bg5 Bxb4 0-1


[Site "https://www.chess.com"]

[Event "Titled Tuesday Blitz April 19 Late 2022"]
[White "Urazayev, Arystanbek"]
[Black "Potapova, Margarita"]
[WhiteFideId "13709810"]
[BlackFideId "14126869"]
[WhiteElo "2422"]
[BlackElo "2216"]
[Result "1-0"]
[Round "08"]
[TimeControl "180+1"]
[Date "2022.04.19"]
[WhiteClock "0:01:04"]
[BlackClock "0:00:32"]

1. d4 Nf6 2. c4 e6 3. Nc3 Bb4 4. Nf3 O-O 5. Bg5 d5 6. e3 h6 7. Bh4 c5 8. cxd5 exd5 9. dxc5 g5 10. Bg3 Be6 11. Rc1 Nbd7 12. Be2 Nxc5 13. O-O Nce4 14. Nxe4 Nxe4 15. Be5 Be7 16. Nd4 Bd7 17. Bg4 f5 18. Qb3 Bc8 19. Rxc8 Rxc8 20. Bxf5 Nd2 21. Be6+ Kh7 22. Qd3+ Ne4 23. Bxc8 Qxc8 24. f3 1-0


[Site "https://www.chess.com"]

[Event "Titled Tuesday Blitz April 19 Late 2022"]
[White "Urbina Perez, Juan Antonio"]
[Black "Dilmukhametov, Artur"]
[WhiteFideId "2217368"]
[BlackFideId "24179922"]
[WhiteElo "2192"]
[BlackElo "2244"]
[Result "0-1"]
[Round "08"]
[TimeControl "180+1"]
[Date "2022.04.19"]
[WhiteClock "0:00:05"]
[BlackClock "0:00:23"]

1. e4 e6 2. d4 d5 3. exd5 exd5 4. Bd3 Bd6 5. Nf3 Nf6 6. O-O O-O 7. Bg5 Bg4 8. Nbd2 c6 9. c3 Nbd7 10. Bh4 Re8 11. Bg3 Bxg3 12. hxg3 Qb6 13. Qb3 a5 14. Qxb6 Nxb6 15. Ne5 Be6 16. Rfe1 a4 17. a3 Nfd7 18. Ndf3 f6 19. Nxd7 Nxd7 20. Re3 Bf7 21. Rae1 Kf8 22. Nh4 Rxe3 23. Rxe3 g6 24. Bc2 b5 25. Nf3 Nb6 26. Bd3 Nc8 27. Kf1 Nd6 28. Ne1 Be8 29. Nc2 Bd7 30. Nb4 Kf7 31. f3 h5 32. Ke1 Rh8 33. Kf2 h4 34. gxh4 Rxh4 35. Na6 Rh1 36. Re1 Rxe1 37. Kxe1 Bf5 38. Bf1 Ke7 39. Nc5 g5 40. g4 Bg6 41. Kd2 Kf7 42. Be2 f5 43. gxf5 Bxf5 44. Ke3 Kg6 45. Na6 Nc8 46. Nc7 Ne7 47. Nxb5 cxb5 48. Bxb5 Bc2 49. Be8+ Kf6 50. Bd7 Bb3 51. Kf2 Ng6 52. Ke3 Nf4 53. Bc6 Ke7 54. Bb5 Ne6 55. Bc6 Nd8 56. Bb5 Nf7 57. f4 g4 58. Kf2 Kf6 59. Kg3 Nh6 60. Bd7 Bd1 61. Bc6 Nf5+ 62. Kf2 g3+ 63. Kg2 Kg6 64. Bd7 Ne3+ 65. Kxg3 Nc4 66. Be6 Nb6 67. f5+ Kg5 68. Kf2 Bg4 69. Ke1 Bxf5 70. Bf7 Kf4 71. Kd2 Nc4+ 72. Kc1 Be4 73. Be8 Nb6 74. Bc6 Ke3 75. Kd1 Kd3 76. Kc1 Kc4 77. Be8 Kb3 78. Bc6 Nc4 79. Be8 Nxb2 80. Bxa4+ Nxa4 81. Kd2 Nxc3 82. a4 Nxa4 83. Ke3 Kc3 84. Kf4 Kxd4 0-1


[Site "https://www.chess.com"]

[Event "Titled Tuesday Blitz April 19 Late 2022"]
[White "Vasquez Schroeder, Rodrigo"]
[Black "Caruana, Fabiano"]
[WhiteFideId "3400042"]
[BlackFideId "2020009"]
[WhiteElo "2561"]
[BlackElo "2744"]
[Result "0-1"]
[Round "08"]
[TimeControl "180+1"]
[Date "2022.04.19"]
[WhiteClock "0:00:02"]
[BlackClock "0:00:05"]

1. e4 e5 2. Nf3 Nc6 3. Bb5 a6 4. Ba4 d6 5. O-O Bd7 6. c3 Nf6 7. Re1 g6 8. d4 Bg7 9. dxe5 Nxe5 10. Nxe5 dxe5 11. Bg5 c6 12. Bb3 h6 13. Bxf6 Qxf6 14. Nd2 b5 15. Nf1 Qe7 16. Ne3 O-O 17. Qf3 h5 18. Red1 Bh6 19. Rd3 Rad8 20. Rad1 Kg7 21. h3 Bf4 22. Qe2 Bc8 23. Nc2 a5 24. a4 bxa4 25. Rxd8 Rxd8 26. Bxa4 Ba6 27. Qe1 Bd3 28. Na3 Qf6 29. Bb3 Rb8 30. Rxd3 Rxb3 31. Qe2 Bc1 32. Nc4 a4 33. Rd1 Bg5 34. Ra1 h4 35. Rxa4 Qf4 36. Ra1 Be7 37. Qe3 Rb5 38. Qxf4 exf4 39. Kf1 Rc5 40. Ra4 Rb5 41. Ke2 Kf6 42. Kd3 Ke6 43. Ra6 Kd7 44. b4 Rg5 45. Ke2 Bf6 46. Ra7+ Ke6 47. Rc7 Bxc3 48. Rxc6+ Kd7 49. Rc5 Rxc5 50. bxc5 Bd4 51. Kf3 Bxc5 52. Ne5+ Ke6 53. Nd3 Ba7 54. Nxf4+ Ke5 55. Nd3+ Ke6 56. Ke2 f5 57. f3 Bd4 58. Nf4+ Kf6 59. Kd3 Be5 60. Nd5+ Ke6 61. f4 Bd6 62. Ke3 Bc5+ 63. Kf3 Bd4 64. Nc7+ Kd7 65. Nb5 Bb2 66. e5 Ke6 67. Nc7+ Kd7 68. Nd5 Ke6 0-1


[Site "https://www.chess.com"]

[Event "Titled Tuesday Blitz April 19 Late 2022"]
[White "Wagner, Dennis"]
[Black "Barria Zuniga, Daniel"]
[WhiteFideId "24650684"]
[BlackFideId "3400816"]
[WhiteElo "2355"]
[BlackElo "2414"]
[Result "1-0"]
[Round "08"]
[TimeControl "180+1"]
[Date "2022.04.19"]
[WhiteClock "0:00:16"]
[BlackClock "0:00:08"]

1. Nf3 Nf6 2. g3 d6 3. d4 g6 4. Bg2 Bg7 5. O-O O-O 6. Nc3 c6 7. e4 Bg4 8. h3 Bxf3 9. Qxf3 Nfd7 10. Rd1 Qb6 11. Ne2 c5 12. d5 Qa6 13. Bf1 Qa4 14. Nc3 Bxc3 15. Qxc3 b5 16. Bh6 f6 17. Bxf8 Kxf8 18. Qb3 Qxe4 19. Re1 Qb4 20. Bxb5 Ne5 21. Qxb4 Nf3+ 22. Kf1 cxb4 23. Re3 Nd4 24. Ba4 Na6 25. Rd1 Nf5 26. Re4 Rb8 27. Bc6 Nc5 28. Rc4 a5 29. h4 h5 30. Ke2 Nh6 31. Ra1 Ng4 32. f4 f5 33. Rd4 Nf6 34. Kf3 Rb6 35. b3 e5 36. fxe5 dxe5 37. Rc4 Nce4 38. Rd1 Ke7 39. Ba4 Nd6 40. Rc7+ Kd8 41. Rc6 Rxc6 42. dxc6 Kc7 43. Ke3 Nfe4 44. Rd5 Nc3 45. Rxe5 Nxa4 46. Re7+ Kxc6 47. bxa4 Kd5 48. Ra7 Nc4+ 49. Kf4 Kd4 50. Kg5 Kc3 51. Kxg6 Kxc2 52. Kxh5 Kb2 53. Kg5 Kxa2 54. h5 b3 55. h6 b2 56. Rb7 b1=Q 57. Rxb1 Kxb1 58. h7 Nd6 59. Kf6 1-0


[Site "https://www.chess.com"]

[Event "Titled Tuesday Blitz April 19 Late 2022"]
[White "Yang, Cayden"]
[Black "Baker, Chris W"]
[WhiteFideId "30967260"]
[BlackFideId "401676"]
[WhiteElo "2474"]
[BlackElo "2233"]
[Result "1/2-1/2"]
[Round "08"]
[TimeControl "180+1"]
[Date "2022.04.19"]
[WhiteClock "0:00:38"]
[BlackClock "0:01:24"]

1. e4 e5 2. Nf3 Nc6 3. Bb5 a6 4. Ba4 Nf6 5. O-O Be7 6. Re1 b5 7. Bb3 O-O 8. h3 d6 9. c3 Na5 10. Bc2 c5 11. d4 Qc7 12. Nbd2 Bd7 13. Nf1 cxd4 14. cxd4 Rac8 15. Bb1 Rfe8 16. Ng3 h6 17. b3 Nc6 18. Be3 Bf8 19. Qd2 Qa5 20. Qxa5 Nxa5 21. Bd3 Rc3 22. Bf1 Rc2 23. Bd3 Rc3 24. Bf1 Rc2 25. Bd3 Rc3 1/2-1/2


[Site "https://www.chess.com"]

[Event "Titled Tuesday Blitz April 19 Late 2022"]
[White "Yedidia, Daniel"]
[Black "Mikhalsky, Vladimir"]
[WhiteFideId "30905907"]
[BlackFideId "14144352"]
[WhiteElo "2623"]
[BlackElo "2438"]
[Result "1-0"]
[Round "08"]
[TimeControl "180+1"]
[Date "2022.04.19"]
[WhiteClock "0:00:06"]
[BlackClock "0:00:01"]

1. d4 Nf6 2. c4 g6 3. Nc3 Bg7 4. e4 O-O 5. Nf3 d6 6. Be2 e5 7. Be3 Ng4 8. Bg5 f6 9. Bh4 Nc6 10. dxe5 Ngxe5 11. Nxe5 dxe5 12. Qd5+ Kh8 13. Qxd8 Nxd8 14. O-O-O Ne6 15. Bg4 f5 16. exf5 gxf5 17. Be2 Nd4 18. Bd3 e4 19. Bf1 c6 20. h3 Be6 21. Be7 Rf7 22. Bc5 Rd7 23. g4 b6 24. gxf5 Bxf5 25. Bxd4 Bxd4 26. Bg2 Bxc3 27. Rxd7 Bxd7 28. bxc3 Bf5 29. Rd1 Rg8 30. Bh1 Kg7 31. Rg1+ Kf7 32. Rxg8 Kxg8 33. Kd2 c5 34. h4 Be6 35. Bxe4 Bxc4 36. a3 Kg7 37. Ke3 h6 38. Kf4 Kf6 39. Bc6 Be6 40. Be4 Bh3 41. Bd3 Ke6 42. Ba6 Kd6 43. Ke4 Ke6 44. f4 Bf5+ 45. Ke3 Kd5 46. Bb5 Kd6 47. Bc4 Kc6 48. Bf7 b5 49. Be8+ Kb6 50. Bf7 a5 51. Bd5 b4 52. cxb4 cxb4 53. axb4 axb4 54. Kd4 Kb5 55. Bb3 Bb1 56. Ke5 Kc5 57. f5 Bxf5 58. Kxf5 Kd4 59. Kg6 Ke5 60. h5 1-0


[Site "https://www.chess.com"]

[Event "Titled Tuesday Blitz April 19 Late 2022"]
[White "Zhao, Jun"]
[Black "Herrera Reyes, Jose Antonio"]
[WhiteFideId "8602522"]
[BlackFideId "2274914"]
[WhiteElo "2547"]
[BlackElo "2361"]
[Result "1-0"]
[Round "08"]
[TimeControl "180+1"]
[Date "2022.04.19"]
[WhiteClock "0:00:49"]
[BlackClock "0:00:02"]

1. d4 Nf6 2. Bf4 d5 3. e3 c5 4. Nf3 Nbd7 5. Nbd2 g6 6. c3 Bg7 7. h3 O-O 8. Be2 a6 9. O-O b5 10. a4 b4 11. cxb4 cxb4 12. a5 Ne4 13. Nb3 Re8 14. Rc1 Nf8 15. Bc7 Qd7 16. Ne5 Qf5 17. Bg4 Qf6 18. Rc6 Ne6 19. Nf3 Bd7 20. Be5 Bxc6 21. Bxf6 exf6 22. Bxe6 fxe6 23. Nfd2 Nd6 24. Nc5 Bb5 25. Re1 e5 26. dxe5 fxe5 27. Nf3 Bc6 28. Ng5 Nc4 29. Nge6 Bf6 30. Nc7 Nxa5 31. Nxa8 Rxa8 32. e4 d4 33. Qa1 Bd8 34. Qa2+ b3 35. Nxb3 Nxb3 36. Qxb3+ Kg7 37. Qe6 Be8 38. Qxe8 Kh6 39. Qxe5 Bb6 40. Qd6 Ba7 41. e5 1-0


[Site "https://www.chess.com"]

[Event "Titled Tuesday Blitz April 19 Late 2022"]
[White "Zherebtsova, Alexandra"]
[Black "Iskusnyh, Sergei"]
[WhiteFideId "24129518"]
[BlackFideId "4120027"]
[WhiteElo "2025"]
[BlackElo "2492"]
[Result "0-1"]
[Round "08"]
[TimeControl "180+1"]
[Date "2022.04.19"]
[WhiteClock "0:00:02"]
[BlackClock "0:00:33"]

1. d4 d5 2. Nf3 Nf6 3. c4 c6 4. e3 a6 5. Nbd2 Bf5 6. b3 e6 7. Bb2 Nbd7 8. Be2 h6 9. O-O Be7 10. Ne5 Nxe5 11. dxe5 Nd7 12. Nf3 O-O 13. cxd5 cxd5 14. Rc1 Qa5 15. a3 Rfc8 16. b4 Qd8 17. Nd4 Bg6 18. f4 Be4 19. Qb3 Nb6 20. a4 Qd7 21. a5 Nc4 22. Bxc4 dxc4 23. Rxc4 Bd5 24. Rxc8+ Rxc8 25. Qa3 Be4 26. Rc1 Rxc1+ 27. Bxc1 Qd5 28. Qb2 Qc4 29. Bd2 Qd3 30. Kf2 Bd5 31. Nf3 Bc4 32. Qc3 Qe2+ 33. Kg3 h5 34. h3 h4+ 35. Kh2 Bd5 36. e4 Bxe4 37. Qc8+ Kh7 38. Qc3 Bxf3 39. Qxf3 Qxd2 40. Qe4+ g6 41. Qxb7 Qxb4 0-1


[Site "https://www.chess.com"]

[Event "Titled Tuesday Blitz April 19 Late 2022"]
[White "Zhou, Qiyu"]
[Black "Reprintsev, Alexander"]
[WhiteFideId "505161"]
[BlackFideId "14100541"]
[WhiteElo "1925"]
[BlackElo "2108"]
[Result "0-1"]
[Round "08"]
[TimeControl "180+1"]
[Date "2022.04.19"]
[WhiteClock "0:00:01"]
[BlackClock "0:01:01"]

1. e4 d5 2. exd5 Qxd5 3. Nc3 Qa5 4. Bc4 Nf6 5. d3 Bg4 6. f3 Be6 7. Bxe6 fxe6 8. Ne2 Nc6 9. O-O e5 10. Bd2 O-O-O 11. Kh1 e6 12. a3 Nd4 13. b4 Qb6 14. Na4 Qc6 15. Nec3 Nd5 16. Re1 b5 17. Nxd5 exd5 18. Nc3 Bd6 19. a4 a6 20. axb5 axb5 21. Qb1 Rhe8 22. Qb2 Kb7 23. Ra5 Ra8 24. Rea1 Rxa5 25. bxa5 Ka6 26. Ra2 b4 27. Na4 Rb8 28. Be3 Nb5 29. Ra1 d4 30. Bd2 Nc3 31. Qb3 Qd5 32. Qb2 Nxa4 33. Rxa4 c5 34. Ra1 b3 35. cxb3 Qxb3 36. Qc1 Qxd3 37. h4 e4 38. fxe4 Qg3 0-1


[Site "https://www.chess.com"]

[Event "Titled Tuesday Blitz April 19 Late 2022"]
[White "Zong, Davis"]
[Black "Hernandez Bermudez, Ulises Eduardo"]
[WhiteFideId "30903955"]
[BlackFideId "3902510"]
[WhiteElo "2061"]
[BlackElo "2056"]
[Result "0-1"]
[Round "08"]
[TimeControl "180+1"]
[Date "2022.04.19"]
[WhiteClock "0:00:39"]
[BlackClock "0:01:36"]

1. e4 c5 2. c3 Nf6 3. e5 Nd5 4. d4 cxd4 5. Nf3 d6 6. cxd4 Nc6 7. Bc4 dxe5 8. dxe5 e6 9. O-O Be7 10. Qe2 O-O 11. Nc3 Nxc3 12. bxc3 Qc7 13. Bd3 Rd8 14. Qe4 g6 15. h4 b6 16. h5 Bb7 17. hxg6 hxg6 18. Bb2 Nb4 19. Qc4 Qxc4 20. Bxc4 Nd5 21. Nd4 Rac8 22. Bb3 Nxc3 23. Nxe6 fxe6 24. Bxe6+ Kg7 25. Bxc8 Ne2+ 26. Kh2 Rxc8 27. Kh3 Rh8+ 28. Kg4 Rh4# 0-1


[Site "https://www.chess.com"]

[Event "Titled Tuesday Blitz April 19 Late 2022"]
[White "Adewumi, Tanitoluwa"]
[Black "Wagner, Dennis"]
[WhiteFideId "30966396"]
[BlackFideId "24650684"]
[WhiteElo "2550"]
[BlackElo "2355"]
[Result "0-1"]
[Round "09"]
[TimeControl "180+1"]
[Date "2022.04.19"]
[WhiteClock "0:00:01"]
[BlackClock "0:00:14"]

1. e4 c5 2. Nf3 e6 3. d4 cxd4 4. Nxd4 Nf6 5. Nc3 Nc6 6. Be2 d6 7. O-O Be7 8. Be3 O-O 9. f4 a6 10. Bf3 Bd7 11. Qd2 Qc7 12. Rad1 Rfd8 13. Qf2 Re8 14. Nxc6 Bxc6 15. Bb6 Qc8 16. e5 Bxf3 17. Qxf3 Nd7 18. Bd4 d5 19. f5 Bc5 20. fxe6 fxe6 21. Nxd5 Nxe5 22. Nf6+ gxf6 23. Qxf6 Bxd4+ 24. Rxd4 Qc7 25. Re4 Ng6 26. h4 Qb6+ 27. Qd4 Qxd4+ 28. Rxd4 Rad8 29. Re4 e5 30. h5 Nf4 31. g4 h6 32. c3 Kg7 33. Kh2 Kf6 34. Kg3 Rd3+ 35. Kh4 Rh3# 0-1


[Site "https://www.chess.com"]

[Event "Titled Tuesday Blitz April 19 Late 2022"]
[White "Ahmadzada, Ahmad"]
[Black "Keymer, Vincent"]
[WhiteFideId "13413007"]
[BlackFideId "12940690"]
[WhiteElo "2228"]
[BlackElo "2557"]
[Result "0-1"]
[Round "09"]
[TimeControl "180+1"]
[Date "2022.04.19"]
[WhiteClock "0:00:01"]
[BlackClock "0:01:03"]

1. Nf3 d5 2. g3 c6 3. Bg2 Bg4 4. O-O Nd7 5. c4 Bxf3 6. exf3 dxc4 7. Na3 Nb6 8. b3 cxb3 9. Qxb3 e6 10. Bb2 Nf6 11. f4 Be7 12. Nc4 Nxc4 13. Qxc4 O-O 14. Rab1 Nd5 15. Rfe1 Qd7 16. Qe2 Rfe8 17. Qg4 Nf6 18. Qe2 Rad8 19. Be5 Nd5 20. Qg4 Bf6 21. Bxd5 exd5 22. Qxd7 Rxd7 23. Bd4 Rxe1+ 24. Rxe1 Re7 25. Rxe7 Bxe7 26. Bxa7 f5 27. Kf1 c5 28. Ke2 Kf7 29. d3 Ke6 30. Kd2 b5 31. Kc3 d4+ 32. Kc2 Kd5 33. Bb8 g6 34. Be5 Bd8 35. f3 h5 36. h3 Ba5 37. g4 Be1 38. Bf6 Bf2 39. Bg7 Be3 40. Bh6 Kc6 41. Bg5 c4 42. Bh6 Kb6 43. Bg5 Ka5 44. Bh6 Ka4 45. Bg5 Ka3 0-1


[Site "https://www.chess.com"]

[Event "Titled Tuesday Blitz April 19 Late 2022"]
[White "Antonova, Nadezhda"]
[Black "Zong, Davis"]
[WhiteFideId "14700182"]
[BlackFideId "30903955"]
[WhiteElo "1789"]
[BlackElo "2061"]
[Result "0-1"]
[Round "09"]
[TimeControl "180+1"]
[Date "2022.04.19"]
[WhiteClock "0:01:56"]
[BlackClock "0:01:27"]

1. Nf3 d5 2. b3 c6 3. Bb2 Nf6 4. g3 Bf5 5. Bg2 Nbd7 6. O-O e6 7. d3 Be7 8. Nbd2 h6 9. c4 O-O 10. a3 Re8 11. Qc2 Bh7 12. b4 a5 13. b5 cxb5 14. cxb5 Rc8 15. Qc1 Rxc1 16. Rfxc1 Bd6 17. Nd4 e5 18. N4b3 a4 19. h3 axb3 20. Nxb3 e4 21. dxe4 Nxe4 22. a4 Qg5 23. a5 Nxf2 24. Kxf2 Qxg3+ 25. Kf1 Be4 26. Bxe4 Rxe4 27. Nd4 Rf4+ 28. Nf3 Rxf3+ 29. exf3 Qxf3+ 30. Ke1 Bb4+ 31. Bc3 Bxc3+ 32. Rxc3 Qxc3+ 0-1


[Site "https://www.chess.com"]

[Event "Titled Tuesday Blitz April 19 Late 2022"]
[White "Arabidze, Meri"]
[Black "Korchmar, Vasiliy"]
[WhiteFideId "13604040"]
[BlackFideId "24131750"]
[WhiteElo "2335"]
[BlackElo "2370"]
[Result "1-0"]
[Round "09"]
[TimeControl "180+1"]
[Date "2022.04.19"]
[WhiteClock "0:00:09"]
[BlackClock "0:01:09"]

1. Nf3 d5 2. g3 g6 3. Bg2 Bg7 4. O-O e5 5. d3 Ne7 6. c4 c6 7. Nc3 O-O 8. e4 h6 9. exd5 cxd5 10. Re1 Nbc6 11. cxd5 Nxd5 12. Nxd5 Qxd5 13. Nxe5 Qb5 14. a4 Qb6 15. Nc4 Qd8 16. Bf4 Bf5 17. Nd6 g5 18. Nxf5 gxf4 19. Nxg7 Kxg7 20. Bxc6 bxc6 21. Rc1 fxg3 22. hxg3 Qf6 23. Rc4 Rad8 24. b4 Rd5 25. Qc2 Qf3 26. Qe2 Qf6 27. Qg4+ Kh8 28. Rf4 Qg5 29. Rc1 Rxd3 30. Rxc6 Qd5 31. Rxh6# 1-0


[Site "https://www.chess.com"]

[Event "Titled Tuesday Blitz April 19 Late 2022"]
[White "Araujo Filho, Luiz Antonio Coel"]
[Black "Tsukerman, Julia"]
[WhiteFideId "2130661"]
[BlackFideId "2621649"]
[WhiteElo "2317"]
[BlackElo "2224"]
[Result "0-1"]
[Round "09"]
[TimeControl "180+1"]
[Date "2022.04.19"]
[WhiteClock "0:01:51"]
[BlackClock "0:01:23"]

1. d4 d5 2. Nf3 e6 3. e3 Nf6 4. Bd3 c5 5. c3 Nc6 6. Nbd2 Be7 7. Qe2 O-O 8. O-O a6 9. dxc5 Bxc5 10. e4 b5 11. e5 Nd7 12. Re1 Qc7 13. Nf1 Bb7 14. Ng3 d4 15. Nh5 dxc3 16. bxc3 Ne7 17. Qd2 Ng6 18. Nxg7 Bxf3 19. gxf3 Ndxe5 20. Nh5 Nxf3+ 0-1


[Site "https://www.chess.com"]

[Event "Titled Tuesday Blitz April 19 Late 2022"]
[White "Arnold, Ken"]
[Black "Aigner, Michael"]
[WhiteFideId "2056836"]
[BlackFideId "2017288"]
[WhiteElo "2131"]
[BlackElo "2412"]
[Result "1/2-1/2"]
[Round "09"]
[TimeControl "180+1"]
[Date "2022.04.19"]
[WhiteClock "0:00:03"]
[BlackClock "0:00:48"]

1. d4 f5 2. c4 Nf6 3. Nf3 g6 4. Nc3 Bg7 5. Bg5 d6 6. Bxf6 Bxf6 7. e4 Nc6 8. Bd3 Nxd4 9. Nxd4 Bxd4 10. exf5 Bxc3+ 11. bxc3 Bxf5 12. Bxf5 gxf5 13. Qh5+ Kd7 14. Qxf5+ e6 15. Qe4 b6 16. O-O Qf6 17. Rae1 Rae8 18. Re3 Qf5 19. Qh4 Re7 20. Rfe1 Rhe8 21. h3 a5 22. Rf3 Qg6 23. Kh2 Rg8 24. Rg3 Qf7 25. Rxg8 Qxg8 26. f4 Qg6 27. Re3 Rg7 28. Qf2 Qh5 29. Rf3 Qf5 30. g4 Qe4 31. f5 exf5 32. Rxf5 Re7 33. Rf7 Qxc4 34. Rxe7+ Kxe7 35. Qh4+ Ke6 36. Qh6+ Ke5 37. Qg7+ Ke4 38. Qxh7+ Ke3 39. Qc2 Qf4+ 40. Kg2 Qf3+ 41. Kh2 Qf4+ 42. Kg2 Qf3+ 43. Kh2 Qf4+ 1/2-1/2


[Site "https://www.chess.com"]

[Event "Titled Tuesday Blitz April 19 Late 2022"]
[White "Babazada, Khazar"]
[Black "Alekseenko, Kirill"]
[WhiteFideId "13413554"]
[BlackFideId "4135539"]
[WhiteElo "2406"]
[BlackElo "2682"]
[Result "1-0"]
[Round "09"]
[TimeControl "180+1"]
[Date "2022.04.19"]
[WhiteClock "0:00:08"]
[BlackClock "0:00:15"]

1. e4 e5 2. Nf3 Nc6 3. Bb5 a6 4. Ba4 d6 5. O-O Bd7 6. d4 Nge7 7. c3 Ng6 8. Be3 Be7 9. Nbd2 O-O 10. h3 b5 11. Bc2 exd4 12. cxd4 Nb4 13. Bb1 c5 14. a3 Nc6 15. Ba2 Bf6 16. e5 dxe5 17. dxc5 Bf5 18. Bb1 Bd3 19. Bxd3 Qxd3 20. Qb1 Rfd8 21. Ne4 Be7 22. g4 Nf4 23. Qxd3 Nxd3 24. b3 f6 25. Rfd1 Kf7 26. Kf1 Na5 27. Ke2 Nxb3 28. Ra2 Ndxc5 29. Nxc5 Nxc5 30. Rc1 Ne6 31. Rc6 Rdc8 32. Rb6 Rc7 33. Nd2 Bc5 34. Bxc5 Nxc5 35. Rc2 Rac8 36. g5 Ke7 37. gxf6+ gxf6 38. Rc3 Rc6 39. Rxc6 Rxc6 40. Ne4 Ne6 41. Rg3 f5 42. Nc3 Nf4+ 43. Kd2 Kf6 44. Rg8 Nxh3 45. Rf8+ Kg6 46. Re8 Ng5 47. Kd3 Rd6+ 48. Ke3 f4+ 49. Ke2 Kf5 50. f3 h5 51. Rg8 Rc6 52. Rf8+ Kg6 53. Nd5 Rd6 54. Ne7+ Kg7 55. Rf5 Nf7 56. Rxh5 Kf6 57. Ng8+ Ke6 58. Rh1 Rc6 59. Rd1 Rc8 60. Rg1 Rc2+ 61. Kd3 Ra2 62. Rg6+ Kd5 63. Nf6+ Kc6 64. Ne4+ Kd7 65. Nc5+ Ke7 66. Re6+ Kf8 67. Nd7+ Kg7 68. Re7 Kg6 69. Re6+ Kg7 70. Re7 Rxa3+ 71. Ke4 Kg6 72. Re6+ Kg5 73. Re7 Re3+ 74. Kd5 Kg6 75. Re6+ Kg7 76. Re7 b4 77. Ke6 e4 78. Rxf7+ Kg6 79. Ne5+ Kh5 80. Kf5 Kh4 81. Kxf4 Kh3 82. Kxe3 b3 83. Nc4 a5 84. fxe4 1-0


[Site "https://www.chess.com"]

[Event "Titled Tuesday Blitz April 19 Late 2022"]
[White "Bacrot, Etienne"]
[Black "Dauner, Benedikt"]
[WhiteFideId "605506"]
[BlackFideId "16225899"]
[WhiteElo "2673"]
[BlackElo "2230"]
[Result "1-0"]
[Round "09"]
[TimeControl "180+1"]
[Date "2022.04.19"]
[WhiteClock "0:01:32"]
[BlackClock "0:00:01"]

1. d4 d5 2. Nf3 Nf6 3. c4 e6 4. Nc3 a6 5. c5 b6 6. cxb6 c5 7. dxc5 Bxc5 8. Na4 Bxb6 9. Nxb6 Qxb6 10. e3 O-O 11. Bd3 Bd7 12. a4 Nc6 13. O-O Nb4 14. Bb1 a5 15. Ra3 Rac8 16. Ne5 Rc7 17. Bd2 Bc8 18. Bc3 Ba6 19. Re1 Ne4 20. Bxe4 dxe4 21. Nd7 Rxd7 22. Qxd7 Nd5 23. Bd4 Qb4 24. Raa1 Qb8 25. Rec1 Bd3 26. h3 Rd8 27. Qa7 Qd6 28. Bc5 Qe5 29. Bd4 Qg5 30. Qxa5 Be2 31. Kh1 Rf8 32. Rg1 Qh5 33. Kh2 g5 34. g4 Qg6 35. Qc5 Bf3 36. Qd6 h5 37. Qe5 1-0


[Site "https://www.chess.com"]

[Event "Titled Tuesday Blitz April 19 Late 2022"]
[White "Baker, Chris W"]
[Black "Bachmann, Axel"]
[WhiteFideId "401676"]
[BlackFideId "3700488"]
[WhiteElo "2238"]
[BlackElo "2587"]
[Result "1/2-1/2"]
[Round "09"]
[TimeControl "180+1"]
[Date "2022.04.19"]
[WhiteClock "0:01:06"]
[BlackClock "0:00:11"]

1. c4 Nf6 2. Nf3 g6 3. g3 c5 4. Bg2 Bg7 5. O-O O-O 6. Nc3 Nc6 7. d4 cxd4 8. Nxd4 Qa5 9. h3 d6 10. Nxc6 bxc6 11. Bd2 Qh5 12. e4 Qxd1 13. Rfxd1 Nd7 14. Rac1 Ne5 15. b3 a5 16. Be3 h5 17. Na4 Nd7 18. Bd4 Rb8 19. Bxg7 Kxg7 20. c5 dxc5 21. Nxc5 Nxc5 22. Rxc5 a4 23. bxa4 Rb4 24. Rxc6 Rxa4 25. Rc7 Re8 26. Rd2 Be6 27. Kh2 Bxa2 28. e5 Ra5 29. f4 Kf8 30. h4 Be6 31. Bc6 Rb8 32. Rb7 Rxb7 33. Bxb7 Ra2 34. Rxa2 Bxa2 35. Be4 Be6 36. Kg2 Kg7 37. Kf3 f6 38. exf6+ exf6 39. Ke3 Bf7 40. Kd4 Kf8 41. Kc5 Ke7 42. Bd5 Be8 43. Be4 Bf7 44. Bd5 Be8 45. Be4 Ke6 46. Kd4 Kd6 47. Bd5 Ke7 48. Be4 Bf7 49. Bd5 Be8 50. Be4 Kd6 51. Bd5 Ke7 1/2-1/2


[Site "https://www.chess.com"]

[Event "Titled Tuesday Blitz April 19 Late 2022"]
[White "Balint, Vilmos"]
[Black "Bibasa, Bob"]
[WhiteFideId "718050"]
[BlackFideId "10000240"]
[WhiteElo "2059"]
[BlackElo "2056"]
[Result "1/2-1/2"]
[Round "09"]
[TimeControl "180+1"]
[Date "2022.04.19"]
[WhiteClock "0:01:37"]
[BlackClock "0:00:18"]

1. d4 Nf6 2. c4 e6 3. Nf3 b6 4. g3 Bb7 5. Bg2 Bb4+ 6. Bd2 Bxd2+ 7. Qxd2 O-O 8. O-O d6 9. Nc3 c5 10. e3 Nc6 11. a3 e5 12. dxe5 Nxe5 13. Nxe5 Bxg2 14. Nxf7 Rxf7 15. Kxg2 Qe7 16. Rad1 Rd8 17. Nd5 Qe4+ 18. Kg1 Qxc4 19. Nxf6+ Rxf6 20. Qd5+ Qxd5 21. Rxd5 Kf7 22. Rfd1 Ke6 23. f4 Rf5 24. e4 Rxd5 25. Rxd5 Rc8 26. Kf2 c4 27. Ke3 c3 28. bxc3 Rxc3+ 29. Rd3 Rc2 30. h4 h5 31. Rb3 g6 32. Kf3 d5 33. e5 d4 34. Ke4 Rc4 35. Kd3 Kd5 36. Rb5+ Rc5 37. a4 a6 38. Rxb6 Rc3+ 39. Kd2 Rxg3 40. Rd6+ Ke4 41. e6 Rg2+ 42. Kd1 Kd3 43. Ke1 Re2+ 44. Kf1 Re4 45. Kg2 Ke2 46. Rd5 d3 47. Re5 Rxe5 48. fxe5 d2 49. e7 d1=Q 50. e8=Q Qf1+ 51. Kh2 Qf2+ 52. Kh3 Qf3+ 53. Kh2 Kf2 54. Qxg6 Qf4+ 55. Kh3 Qe3+ 56. Kh2 Qxe5+ 57. Kh3 Qe3+ 58. Kh2 Qf4+ 59. Kh3 Qf3+ 60. Kh2 Qf4+ 61. Kh3 Qxa4 62. Qxh5 Qd7+ 63. Qg4 Qd3+ 64. Kh2 Qd6+ 65. Kh1 Qc6+ 66. Kh2 Qd6+ 67. Kh3 Qd3+ 68. Kh2 Qd6+ 1/2-1/2


[Site "https://www.chess.com"]

[Event "Titled Tuesday Blitz April 19 Late 2022"]
[White "Barrientos, Sergio E"]
[Black "Martinez Reyes, Pedro Ramon"]
[WhiteFideId "4401824"]
[BlackFideId "3901807"]
[WhiteElo "2397"]
[BlackElo "2410"]
[Result "0-1"]
[Round "09"]
[TimeControl "180+1"]
[Date "2022.04.19"]
[WhiteClock "0:00:17"]
[BlackClock "0:00:31"]

1. d4 Nf6 2. Nf3 b5 3. e3 a6 4. c3 Bb7 5. Bd3 d6 6. O-O Nbd7 7. Nbd2 e5 8. e4 Be7 9. Re1 O-O 10. Nf1 Re8 11. Ng3 Bf8 12. h3 c6 13. a4 Qc7 14. b3 d5 15. dxe5 Nxe5 16. Bf4 Bd6 17. Bxe5 Bxe5 18. Nxe5 Qxe5 19. exd5 Qxc3 20. Rxe8+ Rxe8 21. Rc1 Qb4 22. dxc6 Bxc6 23. Kh2 Bd5 24. axb5 axb5 25. Bc2 Qf4 26. Qf1 h5 27. Kg1 h4 28. Nh1 g6 29. Re1 Rxe1 30. Qxe1 Qg5 31. Qf1 b4 32. f3 Qd2 33. Qf2 Qc1+ 34. Kh2 Qf4+ 35. Kg1 Kg7 36. Qe1 Qd4+ 37. Nf2 Qb2 38. Qd1 Be6 39. Nd3 Qd4+ 40. Nf2 Qc5 41. Qd2 Nh5 42. Kh2 Ng3 43. Ne4 Qe5 44. Kg1 Qa1+ 45. Qd1 Qb2 46. Nxg3 hxg3 47. Kf1 Bf5 0-1


[Site "https://www.chess.com"]